 Dungeon Crawl Stone Soup version 0.31-a0-889-g1a8549509d (webtiles) character file.

Game seed: 3477631202519769559

9 Kuronicle the Changeling (level 1, -3/16 HPs)
             Began as a Demigod Shapeshifter on Oct 16, 2023.
             Engulfed by a cloud of flame (19 damage)
             ... on level 1 of the Dungeon.
             The game lasted 00:00:53 (763 turns).

Kuronicle the Changeling (Demigod Shapeshifter)      Turns: 763, Time: 00:00:53

Health: -3/16      AC:  8    Str: 15    XL:     1   Next: 86%
Magic:  3/3        EV:  7    Int: 12    God:
Gold:   80         SH:  0    Dex: 13    Spells: 0/0 levels left

rFire   . .          .
                       - Unarmed
rCold   . . .        (no shield)
rNeg    . . .        e - +0 chain mail
rPois   .            (helmet currently unavailable)
rElec   .            (cloak currently unavailable)
rCorr   .            (gloves currently unavailable)
SInv    .            (boots currently unavailable)
Will    .....        (no amulet) Stlth
                     g - +4 ring of slaying
HPRegen 0.22/turn    (no ring)
MPRegen 0.08/turn

%: no passive effects
@: beast-form
A: beast (slay +1), high MP 1, forlorn, divine attributes
a: Begin Untransformation


You were on level 1 of the Dungeon.
You were a hulking beast.
You visited 1 branch of the dungeon, and saw 1 of its levels.

You collected 80 gold pieces.

Inventory:

Armour
 a - a +0 animal skin
 e - a +0 chain mail (worn)
Jewellery
 g - a +4 ring of slaying (left hand)
Talismans
 c - a beast talisman (active)
 d - a flux talisman
Scrolls
 f - a scroll of enchant armour {unknown}
 h - a scroll of acquirement {unknown}
Potions
 b - a potion of lignification


   Skills:
 + Level 1.2 Fighting
 + Level 1.7 Dodging
 + Level 2.8 Unarmed Combat
 + Level 2.9 Shapeshifting


You couldn't memorise any spells.
You didn't know any spells.
Your spell library was empty.

Dungeon Overview and Level Annotations

Branches:
Dungeon (1/15)


Innate Abilities, Weirdness & Mutations

You are a hulking beast.
Your limbs bulge with bestial killing power. (Slay +1)
You have an increased reservoir of magic. (+10% MP)
You shall have no god before yourself.
Your divine heritage dramatically boosts your attributes as you level up.


Message History

No target in view!
No target in view!
A bat comes into view.
A bat is nearby!
The bat closely misses you.
You hit the bat.
You kill the bat!
No target in view!
No target in view!
Found a leather armour.
g - a +4 ring of slaying
g - a +4 ring of slaying (left hand) No target in view!
You see here 2 stones.
A frilled lizard comes into view.
The frilled lizard hisses angrily.
Okay, then.
A frilled lizard is nearby!
The frilled lizard barely misses you.
You barely miss the frilled lizard.
The frilled lizard bites you but does no damage.
You closely miss the frilled lizard. The frilled lizard closely misses you.
You punch the frilled lizard!
You kill the frilled lizard!
No target in view!
You now have 80 gold pieces (gained 7).
Found a stone staircase leading down.
No target in view!
There is a stone staircase leading down here.
h - a scroll labelled CUSUTR UCZA No target in view!
No target in view!
Partly explored, can't reach some items and places.
No target in view!
Partly explored, can't reach some items and places.
Partly explored, can't reach some items and places.
Okay, then.
You are engulfed in blazing flames.
Ouch! That really hurt!
You die...

#......# #☼§§# #..#
#######
#....[.#####...#####..#
#......
###.....○§§...$.§§§...#
#......
#.....○§§.$...☼☼§...#
#......
#.....○§..$$..§☼○...#
#......
#....#####...#####..#
#...... #....# #☼○○#
#..# #...... ##.#.#
#§☼°# #### #......
#.#.# #§☼h# #......
#.#.#####...# #######
#.#........##
#.#........#
#.########## #.# #.#
#.############
#............#


There were no monsters in sight!

Vanquished Creatures
  A ball python (D:1)
  A hobgoblin (D:1)
  3 jackals (D:1)
  A bat (D:1)
  A frilled lizard (D:1)
  A goblin (D:1)
8 creatures vanquished.

Notes
Turn   | Place    | Note
-------+----------+-------------------------------------------
     0 | D:1      | Kuronicle the Demigod Shapeshifter began the quest for the
                  | Orb.
     0 | D:1      | Reached XP level 1. HP: 15/15 MP: 3/3
    56 | D:1      | Reached skill level 1 in Fighting
   763 | D:1      | Engulfed by a cloud of flame

Illustrated notes

Levels and vault maps discovered:
D:1:      spicycebolla_green_bress_n_ham, layout_basic, lemuel_flame_loot_1

Skill      XL: |  1 |
---------------+----+-----
Fighting       | 1 |  1.2
Dodging        | |  1.7
Unarmed Combat | |  2.8
Shapeshifting  | |  2.9

Action                     || total
---------------------------++-------
  Melee: Unarmed           ||    21
         Punch             ||     1
 Armour: Chain mail        ||    21
  Dodge: Dodged            ||    10

Table legend: (Time is in decaauts)
 A = Elapsed time spent in this place.
 B = Non-inter-level travel time spent in this place.
 C = Inter-level travel time spent in this place.
 D = Time resting spent in this place.
 E = Time spent auto-exploring this place.
 F = Levels seen in this place.
 G = Mean time per level.
                   A        B        C        D        E       F      G
               +--------+--------+--------+--------+--------+-----+--------+
         Total |    761 |    758 |      3 |      0 |    662 |   1 |  761.0 |
       Dungeon |    761 |    758 |      3 |      0 |    662 |   1 |  761.0 |
               +--------+--------+--------+--------+--------+-----+--------+

Top non-repeatable levels by time:
     D:1: 761 daAuts
